 Dungeon Crawl Stone Soup version 0.19-a0-277-g85cb9a5 (webtiles) character file.

378 epen the Vexing (level 6, -1/28 HPs)
             Began as a Felid Enchanter on May 26, 2016.
             Was a Follower of Ukayaw.
             Killed from afar by an orc wizard (6 damage)
             ... with a magic dart
             ... on level 5 of the Dungeon.
             The game lasted 00:09:30 (5642 turns).

epen the Vexing (Felid Enchanter)                   Turns: 5642, Time: 00:09:30

Health: -1/28      AC:  2    Str:  6      XL:     6   Next: 45%
Magic:  11/11      EV: 20    Int: 14      God:    Ukayaw [*.....]
Gold:   268        SH:  0    Dex: 18 (19) Spells: 4 memorised, 2 levels left
                                        Lives:  0   Deaths: 1

rFire  + . .     SeeInvis +       - Unarmed
rCold  . . .     Gourm    .     (armour unavailable)
rNeg   . . .     Faith    .     (shield unavailable)
rPois  .         Spirit   .     (helmet unavailable)
rElec  .         Dismiss  .     (cloak unavailable)
rCorr  .         Reflect  .     (gloves unavailable)
SustAt .         Harm     .     (boots unavailable)
MR     .....     Rnd*Tele +     (no amulet)
Stlth  ++++......               (no ring)
                                d - ring of protection from fire

@: quick, not resistant to hostile enchantments, stealthy
A: no armour, no weapons or thrown items, claws 1, fangs 3, see invisible,
blink, carnivore 3, deterioration 1, dopey 1, speed 1, robust 1, shaggy fur 2,
slow metabolism 1, strong 1, teleportitis 1, sharp paws
a: Blink, Stomp, Renounce Religion


You were on level 5 of the Dungeon.
You worshipped Ukayaw.
Ukayaw was aware of your devotion.
You were full.

You visited 2 branches of the dungeon, and saw 6 of its levels.

You collected 268 gold pieces.

Inventory:

Jewellery
 d - a ring of protection from fire (left paw)
 q - an uncursed amulet of dismissal
Scrolls
 c - a scroll of recharging
 f - a scroll of immolation
 g - 2 scrolls of magic mapping
 p - a scroll of remove curse
Potions
 e - a potion of might
 h - a potion of flight
 m - 2 potions of lignification
 o - a potion of berserk rage
 s - 2 potions of invisibility
 v - a potion of heal wounds
Books
 a - a book of Maledictions

   Spells                             Type                      Level
   a - Corona                         Hexes                        1
   b - Ensorcelled Hibernation        Hexes/Ice                    2
   c - Confuse                        Hexes                        3
   d - Tukima's Dance                 Hexes                        3
   e - Dazzling Spray                 Conjuration/Hexes            3
Comestibles
 b - 3 meat rations
 l - a slice of pizza


   Skills:
 + Level 2.2 Fighting
 + Level 4.8 Dodging
 + Level 5.9 Stealth
 + Level 2.8 Unarmed Combat
 + Level 3.2 Spellcasting
 * Level 6.9 Hexes


You had 2 spell levels left.
You knew the following spells:

 Your Spells              Type           Power        Failure   Level  Hunger
a - Corona                Hex            ###....      1%          1    #......
b - Ensorcelled Hibernat  Hex/Ice        ##....       10%         2    ##.....
c - Confuse               Hex            ###.....     4%          3    ###....
d - Tukima's Dance        Hex            ###.....     4%          3    ###....


Dungeon Overview and Level Annotations

Branches:
Dungeon (5/15)             Temple (1/1) D:5

Altars:
Ashenzari
Cheibriados
Elyvilon
Fedhas
Gozag
Hepliaklqana
Okawaru
Pakellas
Qazlal
Ru
Trog
Ukayaw
Vehumet
Xom
Yredelemnul
Zin
The Shining One

Annotations:
D:5 Grinder


Innate Abilities, Weirdness & Mutations

You cannot wear armour.
You are incapable of wielding weapons or throwing items.
You have sharp claws.
You have razor-sharp teeth.
You have supernaturally acute eyesight. (SInv)
You are carnivorous and can eat meat at any time.
You cover ground quickly.
You are covered in thick fur. (AC +2)
You have a slow metabolism.
Your sharp claws are effective at attacking unaware monsters.
You can translocate small distances at will.
Your body sometimes deteriorates upon taking damage.
You are dopey. (Int -2)
You are robust. (+10% HP)
Your muscles are strong. (Str +2)
You are occasionally teleported next to monsters.


Message History

You kill the orc!
The orc hits you but does no damage.
You closely miss the orc. The orc completely misses you.
The orc closely misses you.
The orc wizard casts a spell.
The orc wizard blinks!
The orc barely misses you.
You blink.
You feel slightly less full.
Unknown command.
The orc wizard gestures at you while chanting.
The magic dart hits you!
* * * LOW HITPOINT WARNING * * *
The orc wizard casts a spell.
The orc wizard blinks!
You see here a gold piece.
You now have 268 gold pieces (gained 1).
The orc wizard completely misses you.
Found 29 arrows.
The orc wizard gestures at you while chanting.
The magic dart hits you!
You die...

...# ...................
##.###.#.#.##............
.#...............o)......
.....#.#.#.#..h..o.......
###.....?....####........
###.##.#>#.## #........
#.......... #oh.....%
..#..##.####.####.....#..
####.# #....@..#### # #
... ##.(...## # ..##
##...## # .## ##### .#


You could see an orc wizard, 2 orcs and a jackal.

Vanquished Creatures
  A phantom (D:4)
  A howler monkey (D:5)
  2 hounds
  2 orc wizards (D:4)
  A giant frog skeleton (D:5)
  2 iguanas
  3 worker ants (D:4)
  A gnoll (D:1)
  3 adders
  2 oozes
  2 dart slugs
  3 giant geckos
  15 orcs
  6 giant cockroaches
  6 goblins
  6 hobgoblins
  9 jackals
  5 quokkas
  2 ball pythons (D:4)
  5 bats
  A giant gecko skeleton (D:4)
  2 giant newts
  8 kobolds
  7 rats
95 creatures vanquished.

Vanquished Creatures (collateral kills)
  An orc (D:4)
1 creature vanquished.

Grand Total: 96 creatures vanquished

Notes
Turn   | Place    | Note
--------------------------------------------------------------
     0 | D:1      | epen the Felid Enchanter began the quest for the Orb.
     0 | D:1      | Reached XP level 1. HP: 7/7 MP: 4/4
   215 | D:1      | Reached XP level 2. HP: 8/11 MP: 6/6
   296 | D:1      | Learned a level 2 spell: Ensorcelled Hibernation
  1035 | D:1      | Reached XP level 3. HP: 13/14 MP: 4/7
  1262 | D:2      | Learned a level 3 spell: Confuse
  1966 | D:3      | Found a white marble altar of Elyvilon.
  2011 | D:3      | Reached skill level 5 in Stealth
  2096 | D:3      | Reached XP level 4. HP: 18/18 MP: 8/8
  2191 | D:3      | Reached skill level 5 in Hexes
  2376 | D:3      | Found a hazy altar of Hepliaklqana.
  2559 | D:4      | Found a shattered altar of Ashenzari.
  2570 | D:4      | Found an iron altar of Okawaru.
  2626 | D:4      | Reached XP level 5. HP: 12/21 MP: 1/10
  2762 | D:4      | Reached skill level 1 in Fighting
  2896 | D:4      | Noticed a phantom
  2914 | D:4      | Killed a phantom
  2914 | D:4      | Reached skill level 6 in Hexes
  3252 | D:4      | Found a snail-covered altar of Cheibriados.
  3663 | D:4      | Gained mutation: You are covered in thick fur. (AC +2) [Felid growth]
  3663 | D:4      | Reached XP level 6. HP: 17/25 MP: 1/11
  3724 | D:4      | Learned a level 3 spell: Tukima's Dance
  3733 | D:4      | Found a radiant altar of Vehumet.
  3828 | D:4      | HP: 1/25 [orc wizard/puff of frost (9)]
  4350 | D:4      | Slain by a worker ant
  4351 | D:4      | Reached XP level 5. HP: 0/22 MP: 2/10
  4763 | D:4      | Gained mutation: You can translocate small distances at will. [potion of mutation]
  4763 | D:4      | Gained mutation: You are dopey. (Int -2) [potion of mutation]
  4763 | D:4      | Gained mutation: Your muscles are strong. (Str +2) [potion of mutation]
  4764 | D:4      | Gained mutation: Your body sometimes deteriorates upon taking damage. [potion of mutation]
  4764 | D:4      | Gained mutation: You are occasionally teleported next to monsters. [potion of mutation]
  4764 | D:4      | Gained mutation: You are robust. (+10% HP) [potion of mutation]
  4782 | D:5      | Entered Level 5 of the Dungeon
  4783 | D:5      | Reached XP level 6. HP: 27/28 MP: 11/11
  5229 | D:5      | Found a staircase to the Ecumenical Temple.
  5238 | Temple   | Entered the Ecumenical Temple
  5505 | Temple   | Became a worshipper of Ukayaw the Reveler
  5525 | D:5      | Noticed Grinder
  5546 | D:5      | Reached * piety under Ukayaw
  5642 | D:5      | Killed from afar by an orc wizard

Vault maps used:
D:1:      dpeg_arrival_more_subterranean_lakeside_camping
D:3:      marbit_many_paths, lemuel_coloured_pillars_altar, first_bread
D:4:      lemuel_crystal_altar, vehumet_crystals, lemuel_round_altar,
          okawaru_gym_becter
D:5:      minmay_temple_entry_statues_fountains, supply_closet_lemuel,
          st_stairs_8, uniq_grinder
Temple:   chambers_temple_12

Skill      XL: |  1  2  3  4  5 |
---------------+----------------+-----
Dodging        | 3 4 |  4.8
Stealth        | 5 |  5.9
Hexes          | 5 6 |  6.9
Unarmed Combat | 2 |  2.8
Fighting       | 2 |  2.2
Spellcasting   | 3 |  3.2

Action                   |  1- 3 |  4- 6 || total
-------------------------+-------+-------++-------
Melee: Unarmed           |   126 |   227 ||   353
       Bite              |    15 |    19 ||    34
 Cast: Ensorcelled Hiber |     5 |     5 ||    10
       Confuse           |       |    26 ||    26
       Tukima's Dance    |       |     1 ||     1
 Abil: Blink             |       |     1 ||     1
  Use: Scroll            |       |    13 ||    13
       Potion            |       |     3 ||     3
 Stab: Sleeping          |    19 |    14 ||    33
       Confused          |       |    14 ||    14
       Distracted        |       |     2 ||     2
  Eat: Chunk             |     6 |    15 ||    21
Armor: Skin              |     6 |    12 ||    18
Dodge: Dodged            |    93 |   201 ||   294
